AoeStats
← MataLokas4216

Nomad

510927416Analyzed
3v3 RM · 21h ago on Oct 3, 2026· 46m 31s· 6 players
Game mode
Random Map
Map size
210×210
Population
200
Speed
Normal
Resources
Standard
Victory
Conquest
Starting age
Dark Age
Ending age
Imperial Age
RankedLock teamsTeams togetherTeam positionsShared explorationLock speedFull tech treeHidden civsTurbo modeCheats
Victory
Defeat
🇨🇴 Burmese · Colombia
1008
+12
🇨🇴 Vikings · Colombia
947
+15
🇺🇸 Celts · United States
915
+16
🇨🇴 Vietnamese · Colombia
928
-15
🇨🇴 Byzantines · Colombia
922
-14
🇵🇦 Georgians · Panama
908
-14
nacho.joyita
9:23 Loom
15:32 Feudal Age
21:13 Double-Bit Axe
23:24 Wheelbarrow
23:59 Bloodlines
26:08 Castle Age
25:17 Scale Barding Armor
25:23 Forging
27:41 Bow Saw
27:23 Gold Mining
27:23 Stone Mining
27:48 Husbandry
27:59 Bloodlines
32:49 Wheelbarrow
32:25 Town Watch
34:54 Hand Cart
37:44 Chain Barding Armor
38:13 Pikeman
38:53 Squires
42:00 Imperial Age
39:57 Town Patrol
43:08 Halberdier
43:34 Arson
46:50 Conscription
Salvatoremancuso
15:35 Feudal Age
18:59 Loom
22:14 Castle Age
26:04 Gold Mining
26:34 Thumb Ring
25:50 Crossbowman
34:27 Wheelbarrow
34:16 Double-Bit Axe
34:14 Horse Collar
38:32 Stone Mining
39:18 Gold Shaft Mining
MataLokas4216
6:27 Loom
16:52 Feudal Age
18:02 Double-Bit Axe
19:26 Fishing Lines
21:07 Fletching
21:17 Gold Mining
21:18 Stone Mining
22:24 Padded Archer Armor
27:52 Castle Age
28:13 Crossbowman
37:14 Bow Saw
42:01 Imperial Age
40:35 Gillnets
41:01 Murder Holes
41:27 Ballistics
40:47 Treadmill Crane
42:32 Fortified Wall
42:22 Bodkin Arrow
42:43 Leather Archer Armor
Khan Noonien Smith
4:41 Loom
16:53 Feudal Age
17:00 Man-at-Arms
17:30 Fishing Lines
17:48 Double-Bit Axe
17:56 Town Watch
18:59 Arson
22:26 Castle Age
23:45 Fletching
23:22 Pikeman
24:24 Bodkin Arrow
28:52 Wheelbarrow
28:09 Light Cavalry
29:22 Bow Saw
32:39 Forging
36:00 Stronghold
36:41 Horse Collar
36:58 Gold Mining
41:22 Imperial Age
42:26 Conscription
42:13 Heavy Plow
41:41 Capped Ram
42:27 Murder Holes
43:36 Siege Ram
46:08 Hoardings
sergioguarin19
5:33 Loom
13:21 Feudal Age
16:06 Fishing Lines
21:15 Castle Age
22:22 Scale Barding Armor
23:31 Demolition Ship
25:03 Bloodlines
24:34 Demolition Ship
25:46 Demolition Ship
26:53 Chain Barding Armor
28:05 Wheelbarrow
27:33 Gillnets
28:03 Husbandry
29:17 Gold Mining
29:16 Horse Collar
33:49 Forging
38:04 Imperial Age
37:11 Hand Cart
37:47 Iron Casting
39:23 Plate Barding Armor
39:11 Conscription
42:15 Howdah
41:48 Elite Battle Elephant
45:28 Blast Furnace
44:45 Light Cavalry
cristianalarconcalderon
5:00 Loom
16:06 Feudal Age
17:45 Double-Bit Axe
20:17 Fletching
24:43 Castle Age
23:57 Scale Barding Armor
24:04 Forging
28:30 Medium Warships
28:21 Bodkin Arrow
32:16 Gold Mining
32:57 Horse Collar
33:28 Bow Saw
38:43 Chain Barding Armor
44:29 Iron Casting
46:11 Gold Shaft Mining
45:28 Stone Mining
Connection lost

Rejoining the realm…

Still unreachable

The connection could not be restored.

Session expired

The server has moved on; the page needs a fresh start.